 Dungeon Crawl Stone Soup version 0.26-a0-812-g31a745ddcd (webtiles) character file.

Game seed: 2576857125478941784

0 Lanoc the Grave Robber (level 1, -5/13 HPs)
             Began as a Vampire Necromancer on Nov 24, 2020.
             Slain by a gnoll
             ... wielding a +0 halberd
              (10 damage)
             ... on level 2 of the Dungeon.
             The game lasted 00:00:15 (99 turns).

Lanoc the Grave Robber (Vampire Necromancer)          Turns: 99, Time: 00:00:15

Health: -5/13      AC:  2    Str:  7    XL:     1   Next: 8%
Magic:  1/3        EV: 12    Int: 17    God:
Gold:   8          SH:  0    Dex: 14    Spells: 3/4 levels left

rFire    . . .     SeeInvis +   (no weapon)
rCold    . . .     Faith    .   (no shield)
rNeg     . . .     Spirit   .   a - +0 robe
rPois    .         Reflect  .   (no helmet)
rElec    .         Harm     .   (no cloak)
rCorr    .         Rampage  .   (no gloves)
MR       .....                  (no boots)
Stlth    ++........             (no amulet)
HPRegen  0.24/turn              (no ring)
MPRegen  0.08/turn              (no ring)

@: regenerating quickly
A: fangs 3, see invisible, unbreathing
a: Exsanguinate


You were on level 2 of the Dungeon.
You visited 1 branch of the dungeon, and saw 3 of its levels.

You collected 8 gold pieces.

Inventory:

Armour
 a - a +0 robe (worn)


   Skills:
 + Level 2.2 Dodging
 - Level 3.0 Stealth
 - Level 2.0 Spellcasting
 * Level 4.4 Necromancy


You had 3 spell levels left.
You knew the following spells:

 Your Spells              Type           Power        Failure   Level
a - Pain                  Necr           ###.         3%          1

Your spell library contained the following spells:

 Spells                   Type           Power        Failure   Level
 Animate Skeleton         Necr           ###...       3%          1
 Vampiric Draining        Necr           ###.......   10%         3
 Animate Dead             Necr           ###.......   32%         4
 Agony                    Necr           ###.....     65%         5


Dungeon Overview and Level Annotations

Branches:
Dungeon (3/15)

Altars:


Innate Abilities, Weirdness & Mutations

Your natural rate of healing is unusually fast.
You have razor-sharp teeth.
You have supernaturally acute eyesight. (SInv)
You can survive without breathing.


Message History

Casting: Pain (safe; 3% risk of failure)
Confirm with . or Enter, or press ? or * to list all spells.
Aiming: Pain (safe; 3% risk of failure)
Press: ? - help, Shift-Dir - straight line, f/p - gnoll
Aim: a gnoll, wielding a +0 spear (heavily wounded, chance to defeat MR: 81%)
The gnoll writhes in agony.
There is a stone staircase leading down here.
The gnoll hits you from afar with a +0 spear.
You climb downwards. 5 orcs come into view.
The orc shouts! x4
Found 14 gold pieces.
There is a stone staircase leading up here.
You aren't carrying any scrolls.
The orc hits you with a +0 short sword. The orc hits you but does no damage.
The orc barely misses you. The orc closely misses you.
You climb upwards.
The gnoll hits you from afar with a +0 halberd!
Ouch! That really hurt!
You die...

####### #.....#
##.....# ......#
#.....######
##............#
#...o.........#
+.o@o.........#
#.og......)...#
###..g........#
#g..........#
#...........#
#...........#
.......#########
........#
........#


You could see 3 gnolls and 4 orcs.

Vanquished Creatures
  A frilled lizard (D:1)
1 creature vanquished.

Notes
Turn   | Place    | Note
-------+----------+-------------------------------------------
     0 | D:1      | Lanoc the Vampire Necromancer began the quest for the Orb.
     0 | D:1      | Reached XP level 1. HP: 13/13 MP: 3/3
    99 | D:2      | Slain by a gnoll

Illustrated notes

Levels and vault maps discovered:
D:1:      dpeg_arrival_connections, layout_basic, minivault_25,
          hangedman_decor_diamond_cutter, minmay_misc_feat_doors
D:2:      layout_basic
D:3:      layout_rooms, bloody_makhleb

Action                   || total
-------------------------++-------
 Cast: Pain              ||     4
Dodge: Dodged            ||     2

Table legend: (Time is in decaauts)
 A = Elapsed time spent in this place.
 B = Non-inter-level travel time spent in this place.
 C = Inter-level travel time spent in this place.
 D = Time resting spent in this place.
 E = Time spent auto-exploring this place.
 F = Levels seen in this place.
 G = Mean time per level.
                   A        B        C        D        E       F      G
               +--------+--------+--------+--------+--------+-----+--------+
         Total |     98 |     98 |      0 |      0 |     80 |   3 |   32.7 |
       Dungeon |     98 |     98 |      0 |      0 |     80 |   3 |   32.7 |
               +--------+--------+--------+--------+--------+-----+--------+

Top non-repeatable levels by time:
     D:1: 86 daAuts
     D:2: 10 daAuts
     D:3: 1 daAuts
